 Dungeon Crawl Stone Soup version 0.25.0-3-gd7cc5688da (webtiles) character file.

Game seed: 14942732382132930843

(classic levelgen) 181984 EnegeticOcto the Unseen (level 16, 0/118 HPs)
             Began as a Deep Dwarf Necromancer on June 15, 2020.
             Was the Champion of Dithmenos.
             Slain by a chaos spawn (6 damage)
             ... on level 4 of the Abyss.
             The game lasted 03:43:01 (42046 turns).

EnegeticOcto the Unseen (Deep Dwarf Necromancer)   Turns: 42046, Time: 03:43:02

Health: 0/118      AC: 14    Str: 19      XL:     16   Next: 68%
Magic:  3/8        EV: 18    Int: 22 (24) God:    Dithmenos [******]
Gold:   981        SH:  0    Dex: 14      Spells: 12/35 levels left

rFire    + + .     SeeInvis +   u - +6 scimitar of Slow Death {pain, Int+3 SInv}
rCold    + + +     Gourm    .   y - +2 kite shield {rC+}
rNeg     + . .     Faith    .   E - +4 ring mail {rC+}
rPois    .         Spirit   .   (no helmet)
rElec    +         Reflect  .   R - scarf {+Inv}
rCorr    .         Harm     .   K - +2 pair of gloves
MR       ++...                  X - +0 pair of boots
Stlth    +++.......             x - amulet of the Air {Inacc +Fly rElec EV+5 RMsl}
HPRegen  0.00/turn              I - ring of stealth
MPRegen  0.11/turn              h - ring of Yhidyrhe {rF++ rC+ Str+6}

@: confused, very slightly contaminated, non-regenerating, hasted, lightly
drained, invisible, repel missiles, very quick
A: damage resistance, heal wounds, blurry vision 1[+2], [frail 2], [low mp 2],
negative energy resistance 1, sense surroundings 2, no potion heal 1, no
regeneration
}: 3/15 runes: decaying, serpentine, abyssal
a: Heal Wounds, Shadow Step, Shadow Form, Renounce Religion, Evoke Flight


You were on level 4 of the Abyss.
You worshipped Dithmenos.
Dithmenos was exalted by your worship.
You were not hungry.

You visited 6 branches of the dungeon, and saw 36 of its levels.
You visited the Abyss 2 times.
You also visited: Gauntlet.

You collected 2493 gold pieces.
You spent 1512 gold pieces at shops.

Inventory:

Hand Weapons
 g - the +0 hunting sling of Slime {flame, Int+2 Dex+5}
   (You found it on level 6 of the Dungeon)

   It causes projectiles fired from it to burn those they strike, causing extra
   injury to most foes and up to half again as much damage against particularly
   susceptible opponents.
   It affects your intelligence (+2).
   It affects your dexterity (+5).
 u - the +6 scimitar of Slow Death (weapon) {pain, Int+3 SInv}
   (You found it on level 1 of the Abyss)

   In the hands of one skilled in necromantic magic, it inflicts extra damage on
   living creatures.
   It affects your intelligence (+3).
   It lets you see invisible.
 w - a +5 dagger of electrocution
 P - a +1 short sword of distortion
 U - the +3 broad axe "Itioliczez" {vorpal, rC+}
   (You found it on level 3 of the Lair of Beasts)

   It inflicts extra damage upon your enemies.
   It protects you from cold.
Missiles
 A - 6 curare-tipped darts (quivered)
Armour
 o - the +1 cloak of Fumaa {Dex+7}
   (You bought it in a shop on level 13 of the Dungeon)

   It affects your dexterity (+7).
 y - a +2 kite shield of cold resistance (worn)
 E - a +4 ring mail of cold resistance (worn)
 F - the +3 hat of Pondering {ponderous, MR+ MP+10 Int+5}
   (You took it off Gastronok on level 8 of the Dungeon)

   It affects your intelligence (+5).
   It affects your resistance to hostile enchantments.
   It affects your magic capacity (+10).
 K - a +2 pair of gloves (worn)
 R - a scarf of invisibility (worn)
 X - a +0 pair of boots (worn)
 Z - the cursed +1 plate armour of Jigsaw {*Slow rC- MR++ Dex+2, unknown}
   (You found it on level 3 of the Abyss)

   It affects your dexterity (+2).
   It makes you vulnerable to cold.
   It affects your resistance to hostile enchantments.
   It may slow you when you take damage.
   It has a curse placed upon it.
Magical Staves
 d - an uncursed staff of wizardry
 n - an uncursed staff of energy
 M - an uncursed staff of poison {!a}
Jewellery
 h - the ring of Yhidyrhe (right hand) {rF++ rC+ Str+6}
   (You found it in a Gauntlet)

   [ring of strength]

   It affects your strength (+6).
   It greatly protects you from fire.
   It protects you from cold.
 q - the ring "Moxtur" {MP+9 Dex+4}
   (You bought it in a shop on level 14 of the Dungeon)

   [ring of magical power]

   It affects your dexterity (+4).
   It affects your magic capacity (+9).
 x - the amulet of the Air (around neck) {Inacc +Fly rElec EV+5 RMsl}
   (You found it on level 1 of the Snake Pit)

   [amulet of inaccuracy]

   It reduces the accuracy of all your attacks.
   It affects your evasion (+5).
   It insulates you from electricity.
   It lets you fly.
   It protects you from missiles.
 I - a ring of stealth (left hand)
 Q - the cursed necklace of Bloodlust {*Rage +Rage MR++ Int-3 Slay+6 *Curse}
   (You found it in a Gauntlet)

   [amulet of nothing]

   It affects your intelligence (-3).
   It affects your accuracy and damage with ranged weapons and melee attacks
   (+6).
   It affects your resistance to hostile enchantments.
   It lets you go berserk.
   It may make you go berserk in combat.
   It curses itself when equipped.
   It has a curse placed upon it.
 T - an uncursed amulet of the acrobat
Wands
 a - a wand of polymorph (11)
 f - a wand of random effects (45)
 k - a wand of enslavement (3)
 s - a wand of iceblast (5) {@v2}
 O - a wand of acid (5) {@v1}
 W - a wand of digging (3) {@v3}
Scrolls
 l - a scroll of fog {!r}
 m - 4 scrolls of magic mapping {@r5 !r}
 r - 2 scrolls of teleportation {@r3 !r}
 t - a scroll of fear {!r}
 H - a scroll of vulnerability
 L - 10 scrolls of remove curse {@r2}
 N - a scroll of blinking {@r4}
Potions
 b - 2 potions of invisibility
 c - 4 potions of might {@q3 !q}
 i - 6 potions of haste {@q4 !q}
 j - 2 potions of stabbing {@q5 !q}
 p - 4 potions of flight
 v - a potion of magic
 z - 2 potions of cancellation {unknown}
 D - 4 potions of lignification {@q6}
 J - a potion of brilliance
 S - 2 potions of berserk rage
 V - 2 potions of resistance
 Y - 2 potions of mutation
Comestibles
 e - 20 rations


   Skills:
 + Level 10.9(10.6) Fighting
 - Level 5.0(4.7) Armour
 - Level 6.0(5.7) Dodging
 - Level 16.6(16.3) Stealth
 - Level 11.0(10.6) Shields
 - Level 10.0(9.6) Spellcasting
 - Level 13.0(12.6) Necromancy
 - Level 5.0(4.7) Translocations
 - Level 3.0(2.7) Transmutations
 - Level 10.0(9.6) Earth Magic
 - Level 13.0(12.6) Invocations
 - Level 9.0(8.7) Evocations


You had 12 spell levels left.
You knew the following spells:

 Your Spells              Type           Power        Failure   Level  Hunger
a - Pain                  Necr           ####         1%          1    None
b - Vampiric Draining     Necr           ######....   1%          3    None
c - Borgnjor's Vile Clut  Necr/Erth      ######....   4%          5    ####...
d - Animate Dead          Necr           N/A          1%          4    ##.....
e - Apportation           Tloc           ####..       2%          1    None
p - Passwall              Tmut/Erth      #####...     2%          2    None
w - Agony                 Necr           ######..     2%          5    ####...
G - Sublimation of Blood  Necr           ######....   1%          2    None

Your spell library contained the following spells:

 Spells                   Type           Power        Failure   Level  Hunger
 Animate Skeleton         Necr           N/A          1%          1    None
 Sandblast                Erth           ######       1%          1    None
 Stone Arrow              Conj/Erth      ####..       8%          3    None
 Lee's Rapid Deconstruct  Erth           ######....   10%         5    ####...
 Petrify                  Tmut/Erth      #####...     14%         4    ##.....
 Death Channel            Necr           ######....   16%         6    ######.
 Corona                   Hex            ##.....      19%         1    None
 Summon Small Mammal      Summ           ##..         19%         1    None
 Recall                   Summ/Tloc      N/A          21%         3    None
 Ignite Poison            Fire/Tmut/Pois ##......     36%         3    None
 Simulacrum               Ice/Necr       #####.....   90%         6    ######.
 Statue Form              Tmut/Erth      #####....    91%         6    ######.
 Alistair's Intoxication  Tmut/Pois      ###.....     96%         5    ####...
 Irradiate                Conj/Tmut      ###.......   96%         5    ####...
 Eringya's Noxious Bog    Tmut/Pois      ###.......   100%        6    ######.
 Hydra Form               Tmut           ###.......   100%        6    ######.
 Dragon Form              Tmut           ###.......   100%        7    #######


Dungeon Overview and Level Annotations

Branches:
Dungeon (15/15)            Temple (0/1) D:7            Lair (6/6) D:11
  Swamp (4/4) Lair:4        Snake (4/4) Lair:4        Slime (0/5) Lair:5
    Orc (2/2) D:10            Elf (0/3) Orc:2        Depths (5/5) D:15
    Zot (0/5) Depths:5    Gauntlet (visited)
 Vaults: D:13-14

Altars:
Ashenzari
Cheibriados
Dithmenos
Elyvilon
Fedhas
Gozag
Hepliaklqana
Nemelex Xobeh
Okawaru
Qazlal
Sif Muna
Trog
Uskayaw
Vehumet
Xom
Zin
The Shining One
Jiyva
Lugonu

Shops:
D:10 (   D:13 [   D:14 =%   Orc:2 (*%[=   Depths:1 ([   Depths:5 *

Portals:
Hell: Depths:4
Abyss: Depths:4
Pandemonium: Depths:3

Annotations:
D:3 2 transporters, iamserjio's ghost, weakling TrWz
D:5 2 runed translucent doors, dricus's ghost, novice GrFi
D:6 Dowan; Duvessa; Menkaure
D:13 exclusion: tengu conjurer
Lair:2 3 runed translucent doors, exclusion: hydra
Lair:3 1 runed translucent door, exclusions: 4 oklob plants, rime drake, wolf and wyvern, sanka's ghost, journeyman KoTm
Lair:4 1 runed translucent door, runemage's ghost, journeyman GnFi
Lair:5 exclusion: oklob plant
Swamp:2 exclusion: 2 hydras
Swamp:3 1 runed translucent door, Bai Suzhen
Snake:3 exclusions: 3 salamanders, salamander mystic and shock serpent
Snake:4 exclusions: nagaraja, salamander and salamander mystic
Depths:1 exclusion: very ugly thing, Mara
Depths:3 exclusion: deep troll shaman
Depths:4 exclusions: 2 frost giants, great orb of eyes, tengu conjurer, yaktaur and 1 more exclusion


Innate Abilities, Weirdness & Mutations

You are resistant to damage.
You can heal yourself by infusing magical energy.
You resist negative energy. (rN+)
You passively map the area around you.
You do not regenerate.
Potions are less effective at restoring your health.
[Scrolls take you much longer to read.]
[You are very frail. (-20% HP)]
[Your magical capacity is very low. (-20% MP)]


Message History

The living lightning hits the ynoxinul.
The ynoxinul resists.
The living lightning hits you. You resist.
* * * LOW HITPOINT WARNING * * *
The living lightning misses you.
The living lightning hits the ynoxinul.
The ynoxinul resists.
The ynoxinul dies!
The ufetubus disappears in a puff of smoke!
The raiju blinks!
The raiju bites you but does no damage. The daeva completely misses you.
The daeva hits you but does no damage.
You bump into the rock wall.
You feel less invigorated.
You feel yourself slow down. The raiju barely misses you.
You're too confused to move!
The golden eye blinks!
The raiju bursts into living lightning!
The living lightning is repelled.
The living lightning misses you.
The raiju blinks!
The daeva hits you but does no damage. The daeva barely misses you.
The raiju barely misses you.
You slash the raiju!
The raiju writhes in agony!
The raiju is heavily wounded.
The golden eye blinks!
The daeva hits you with a +2 long sword of holy wrath. x2
The raiju bites you!
* * * LOW HITPOINT WARNING * * *
The raiju shocks you. You resist.
* * * LOW HITPOINT WARNING * * *
The large abomination closely misses you.
Unknown command.
You are more confused.
Your system partially rejects the healing.
You feel invigorated. The golden eye blinks at you.
You resist with almost no effort.
A chaos spawn comes into view.
The raiju closely misses you. The daeva hits you but does no damage.
The daeva hits you with a +2 long sword of holy wrath.
* * * LOW HITPOINT WARNING * * *
The large abomination misses you.
The chaos spawn squeals angrily.
You slash the large abomination!
The large abomination is lightly damaged.
Your shadow hits the large abomination but does no damage.
The golden eye blinks!
The raiju closely misses you. The daeva barely misses you.
The daeva hits you with a +2 long sword of holy wrath.
* * * LOW HITPOINT WARNING * * *
The golden eye blinks at you. You resist with almost no effort.
The raiju closely misses you.
Really quaff
i - 7 potions of haste {@q4 !q}?
You feel yourself speed up. The raiju barely misses you.
The daeva calls down the wrath of the Shining One upon you.
The Shining One smites you!
* * * LOW HITPOINT WARNING * * *
The raiju barely misses you.
You bump into the stone wall.
The golden eye blinks at you. You resist with almost no effort.
The raiju bursts into living lightning!
The living lightning misses you.
The living lightning misses the raiju.
The raiju blinks!
The daeva misses you.
The daeva hits you with a +2 long sword of holy wrath.
You bump into the stone wall.
The raiju barely misses you. The golden eye blinks at you.
You resist with almost no effort.
You bump into the stone wall.
The daeva completely misses you. The daeva hits you but does no damage.
The raiju misses you.
You're too confused to move!
The daeva calls down the wrath of the Shining One upon you.
The Shining One smites you!
* * * LOW HITPOINT WARNING * * *
The raiju bursts into living lightning!
The living lightning hits you. You resist.
The raiju blinks!
Found 46 gold pieces.
Okay, then.
The golden eye blinks at you.
You easily resist.
Unknown command.
The raiju bites you but does no damage.
You slash the raiju!
You kill the raiju!
Dithmenos accepts your kill.
The daeva calls down the wrath of the Shining One upon you.
The Shining One smites you!
* * * LOW HITPOINT WARNING * * *
The golden eye blinks!
You closely miss the chaos spawn.
Your shadow hits the chaos spawn with a scimitar.
You feel less invigorated. The golden eye blinks at you.
You resist with almost no effort. The chaos spawn barely misses you.
You bump into the stone wall.
The chaos spawn hits you!
* * * LOW HITPOINT WARNING * * *
You feel your power leaking away. The raiju misses you.
An ancient zyme comes into view.
You feel yourself growing ill in the presence of the ancient zyme.
Okay, then.
Unknown command.
Unknown command.
You bump into the stone wall.
The chaos spawn hits you!
You die...

.# # # ... ###
##..# # #.#5..
..##.. ..$#.. # h
#.3 ...#...#...# .
#..##.
....#.#..#..#. .X#
. .# .#..#G..... #
..#.###.XA...x# . #
#...#4##.# #. .
#... ##Xh@..# .
....♣♣♣....##......
## # # ###..# #....
#.... ##. #.♣## #..
#.. #♣.


You could see a daeva, an ancient zyme, 2 large abominations, a raiju and a
chaos spawn.

Vanquished Creatures
  A caustic shrike (Depths:4)
  Xtahua (Depths:5)
  Rupert (D:12)
  A lich (Depths:3)
  A tentacled starspawn (Abyss:1)
  Agnes (D:15)
  Gastronok (D:8)
  An ancient champion (Depths:4)
  Kirke (D:12)
  A draconian monk (Depths:5)
  A nagaraja (Snake:4)
  An orc warlord (Orc:2)
  5 very ugly things
  A stone giant (Depths:3)
  An entropy weaver (Gauntlet)
  2 draconian annihilators (Depths:5)
  A vampire knight (Depths:4)
  A deep elf annihilator (Depths:4)
  A green draconian (Depths:5)
  A minotaur (Gauntlet)
  A black draconian (Depths:5)
  2 ettins
  A fire dragon (Depths:2)
  A yaktaur captain (Depths:3)
  Fannar (D:11)
  4 hydras
  3 ogre magi
  3 ice dragons
  2 rakshasas
  A hell beast (Depths:4)
  A naga warrior (Snake:4)
  2 spriggan air magi
  A great orb of eyes (Depths:4)
  A shambling mangrove (Swamp:3)
  3 tengu warriors
  17 two-headed ogres
  2 anacondas
  An alligator (Swamp:1)
  2 deep troll shamans
  5 centaur warriors
  A deep troll earth mage (Depths:1)
  2 spriggan berserkers
  Sonja (Lair:2)
  The ghost of puimuR the Cleaver, a novice DDVM (D:9)
  A sixfirhy (Abyss:2)
  An iron troll (Depths:1)
  2 hell knights (Depths:4)
  3 deep trolls (Depths:1)
  An unseen horror (D:10)
  2 starcursed masses (Abyss:3)
  A glowing orange brain (Depths:3)
  A necromancer (Depths:4)
  A deep elf archer (D:15)
  A large abomination (Abyss:3)
  Pikel (D:7)
  A wolf spider (D:14)
  14 ugly things
  5 orc knights
  8 orc sorcerers
  A deep elf mage (D:15)
  4 cyclopes
  A manticore (D:13)
  2 worldbinders (Abyss:1)
  A naga mage (Snake:4)
  3 black mambas
  2 gargoyles
  7 spiny frogs
  3 komodo dragons
  4 yaktaurs
  2 kobold demonologists
  An ice devil (Abyss:1)
  3 trolls
  An efreet (D:14)
  3 meliai (D:15)
  2 tengu conjurers
  A queen bee (D:11)
  A harpy skeleton (D:14)
  4 tyrant leeches
  2 bog bodies
  A hornet (Swamp:4)
  6 slime creatures
  12 raiju
  6 hippogriffs
  A centaur simulacrum (D:15)
  Sigmund (D:6)
  A spriggan (Swamp:4)
  2 wyverns (D:15)
  10 yaks
  4 hogs
  2 redbacks (Gauntlet)
  A tarantella (Depths:4)
  A hog (shapeshifter) (Depths:2)
  2 basilisks
  A human (D:10)
  2 hungry ghosts
  6 vampire mosquitoes
  A chaos spawn (Abyss:3)
  7 nagas
  4 wargs
  An acid dragon (D:15)
  2 insubstantial wisps (Swamp:3)
  A steam dragon (D:8)
  2 swamp worms
  3 water moccasins
  2 slaves
  2 swamp drakes
  5 porcupines
  5 sky beasts
  30 orc warriors
  4 ice beasts
  3 black bears
  4 small abominations
  4 boggarts
  18 ogres
  19 centaurs
  3 wolves (Lair:2)
  14 big kobolds
  Blork the orc (D:6)
  4 crocodiles
  14 bullfrogs
  A wyvern zombie (D:10)
  A human simulacrum (Depths:4)
  A wyvern skeleton (D:6)
  5 scorpions
  28 killer bees
  8 wights
  2 howler monkeys (D:10)
  6 crimson imps
  4 centaur zombies
  7 hounds
  A quasit (D:9)
  A bullfrog zombie (D:6)
  2 jellies
  8 orc priests
  2 centaur skeletons
  20 orc wizards
  A bullfrog skeleton (D:6)
  A gnoll shaman (D:5)
  Ijyb (D:4)
  Natasha (thrice) (D:3)
  4 iguanas
  6 worker ants
  A hound zombie (D:11)
  A hound skeleton (D:4)
  3 worker ant zombies
  9 adders
  10 gnolls
  8 shadow imps
  An ooze (D:2)
  An adder zombie (D:7)
  An adder skeleton (D:9)
  2 worms
  2 dart slugs
  6 leopard geckos
  49 orcs
  4 giant cockroaches
  7 goblins
  6 hobgoblins
  2 jackals (D:8)
  21 kobolds
  5 quokkas
  3 ball pythons
  13 bats
  3 frilled lizards
  2 leopard gecko zombies
  8 rats
668 creatures vanquished.

Vanquished Creatures (collateral kills)
  A fire giant (Depths:1)
  A very ugly thing (Depths:4)
  2 great orbs of eyes (Depths:4)
  A centaur warrior (Depths:3)
  An ogre mage (Depths:3)
  3 two-headed ogres (Depths:3)
  A deep troll shaman (Depths:3)
  A large abomination (Abyss:4)
  2 water elementals (Depths:3)
  A wyvern skeleton (D:7)
14 creatures vanquished.

Vanquished Creatures (others)
  A purple draconian (Depths:5)
  A two-headed ogre (Depths:3)
  An alligator (Swamp:4)
  A deep troll (Depths:1)
  A spriggan druid (Swamp:4)
  A large abomination (Abyss:4)
  A polar bear (shapeshifter) (Abyss:4)
  A hellwing (Abyss:4)
  A hornet (Swamp:4)
  A wind drake (Depths:5)
  A ynoxinul (Abyss:4)
  2 spriggans (Swamp:4)
  A golden eye (Abyss:4)
  A neqoxec (Abyss:3)
  A swamp drake (Swamp:3)
  An ice beast (Abyss:4)
  A slave (D:8)
  A boggart (D:14)
  A small abomination (Abyss:4)
  A centaur (D:15)
  An earth elemental (Depths:1)
  A quasit (Abyss:3)
  A jackal (D:8)
  2 bushes (Abyss:4)
  14 fungi
  41 plants
  10 starspawn tentacles
91 creatures vanquished.

Grand Total: 773 creatures vanquished

Notes
Turn   | Place    | Note
-------+----------+-------------------------------------------
     0 | D:1      | EnegeticOcto the Deep Dwarf Necromancer began the quest for
                  | the Orb.
     0 | D:1      | Reached XP level 1. HP: 15/15 MP: 3/3
   268 | D:1      | Reached skill level 3 in Stealth
   347 | D:1      | Reached XP level 2. HP: 22/22 MP: 2/4
   968 | D:1      | Reached skill level 5 in Necromancy
   968 | D:1      | Reached XP level 3. HP: 24/28 MP: 0/5
   980 | D:1      | Learned a level 3 spell: Vampiric Draining
  1623 | D:2      | Reached skill level 4 in Stealth
  1786 | D:2      | Reached XP level 4. HP: 29/36 MP: 0/6
  2041 | D:2      | Found a glowing silver altar of Zin.
  2362 | D:3      | Found a transporter.
  2674 | D:3      | Found a shadowy altar of Dithmenos.
  2696 | D:3      | Became a worshipper of Dithmenos the Shadowed
  2817 | D:3      | Found a transporter.
  2820 | D:3      | Noticed iamserjio's ghost (weakling TrWz)
  2841 | D:3      | Noticed Natasha
  2876 | D:3      | Killed Natasha
  2963 | D:2      | Reached skill level 5 in Stealth
  3085 | D:3      | Reached XP level 5. HP: 39/42 MP: 3/7
  3136 | D:3      | Noticed Natasha
  3147 | D:3      | Killed Natasha
  3147 | D:3      | Reached skill level 6 in Necromancy
  3245 | D:3      | Found a radiant altar of Vehumet.
  3321 | D:3      | Found a shimmering blue altar of Sif Muna.
  3684 | D:3      | Noticed Natasha
  3762 | D:3      | Killed Natasha
  4082 | D:3      | Reached skill level 6 in Stealth
  4202 | D:4      | Reached XP level 6. HP: 40/49 MP: 1/8
  4570 | D:4      | Noticed Ijyb
  4606 | D:4      | Killed Ijyb
  4606 | D:4      | Reached skill level 7 in Necromancy
  4875 | D:4      | Found a hazy altar of Hepliaklqana.
  4879 | D:4      | Found a white marble altar of Elyvilon.
  4879 | D:4      | Found a blossoming altar of Fedhas.
  4890 | D:4      | Found a shattered altar of Ashenzari.
  4892 | D:4      | Found a snail-covered altar of Cheibriados.
  5015 | D:5      | Entered Level 5 of the Dungeon
  5327 | D:5      | Found a large runed translucent door.
  5327 | D:5      | Found a large runed translucent door.
  5328 | D:5      | Noticed dricus's ghost (novice GrFi)
  5520 | D:5      | Reached skill level 1 in Invocations
  5520 | D:5      | Reached skill level 1 in Evocations
  5520 | D:5      | Reached XP level 7. HP: 38/55 MP: 0/9
  5729 | D:5      | Reached skill level 8 in Necromancy
  5729 | D:5      | Reached skill level 2 in Invocations
  5729 | D:5      | Reached skill level 2 in Evocations
  5902 | D:5      | Reached skill level 3 in Evocations
  5907 | D:5      | Reached skill level 3 in Invocations
  6053 | D:5      | Reached * piety under Dithmenos
  6061 | D:5      | Reached skill level 4 in Evocations
  6331 | D:5      | Reached skill level 4 in Invocations
  6579 | D:6      | Noticed Blork the orc
  6641 | D:6      | Noticed Dowan
  6641 | D:6      | Noticed Menkaure
  6938 | D:6      | Found a shimmering altar of Xom.
  6942 | D:6      | Found a shimmering altar of Xom.
  7127 | D:6      | Reached skill level 2 in Spellcasting
  7127 | D:6      | Reached XP level 8. HP: 35/62 MP: 8/11
  7530 | D:6      | Reached skill level 5 in Evocations
  8433 | D:6      | Reached skill level 3 in Spellcasting
  8695 | D:6      | Noticed Sigmund
  8791 | D:6      | Reached skill level 4 in Spellcasting
  8803 | D:6      | Got a pitted hunting sling
  8815 | D:6      | Found a shimmering altar of Xom.
  8815 | D:6      | Found a shimmering altar of Xom.
  8972 | D:6      | Reached skill level 5 in Spellcasting
  9218 | D:6      | Killed Sigmund
  9318 | D:6      | Found an opulent altar of Gozag.
  9453 | D:6      | Found a shimmering altar of Xom.
  9520 | D:6      | Noticed Duvessa
  9586 | D:6      | Killed Blork the orc
  9586 | D:6      | Reached skill level 6 in Spellcasting
  9725 | D:6      | Learned a level 5 spell: Agony
  9730 | D:6      | Learned a level 4 spell: Animate Dead
  9781 | D:7      | Found a hide-covered altar of Uskayaw.
  9816 | D:7      | Gained mutation: You passively map the area around you.
                  | [Deep Dwarf growth]
  9816 | D:7      | Reached XP level 9. HP: 66/68 MP: 12/18
  9861 | D:7      | Reached skill level 5 in Invocations
  9887 | D:7      | Found a sparkling altar of Nemelex Xobeh.
  9953 | D:7      | Reached ** piety under Dithmenos
 10114 | D:7      | Found a shattered altar of Ashenzari.
 10342 | D:7      | Reached skill level 7 in Stealth
 10410 | D:7      | Reached skill level 6 in Invocations
 10638 | D:7      | Found a glowing golden altar of the Shining One.
 10740 | D:7      | Found an iron altar of Okawaru.
 10788 | D:7      | Found a staircase to the Ecumenical Temple.
 10846 | D:8      | Identified the cursed +0 hunting sling of Slime {flame,
                  | Int+2 Dex+5} (You found it on level 6 of the Dungeon)
 11383 | D:8      | Found the +0 sword of Power
 11384 | D:8      | Noticed Gastronok
 11560 | D:8      | Noticed Pikel
 11564 | D:8      | Reached skill level 9 in Necromancy
 11720 | D:7      | Killed Pikel
 11720 | D:7      | Reached skill level 8 in Stealth
 11720 | D:7      | Reached skill level 7 in Invocations
 11901 | D:8      | Reached skill level 8 in Invocations
 13057 | D:9      | Reached XP level 10. HP: 69/75 MP: 17/19
 13074 | D:9      | Reached skill level 10 in Necromancy
 13105 | D:9      | Reached skill level 9 in Invocations
 13376 | D:8      | Killed Gastronok
 13376 | D:8      | Reached skill level 11 in Invocations
 13544 | D:9      | Reached skill level 12 in Invocations
 13544 | D:9      | Reached skill level 1 in Fighting
 13565 | D:9      | Learned a level 1 spell: Apportation
 13570 | D:9      | Reached *** piety under Dithmenos
 13614 | D:9      | Found a runed translucent gate.
 13615 | D:9      | Found a runed translucent gate.
 13616 | D:9      | Found a runed translucent gate.
 13616 | D:9      | Noticed puimuR's ghost (novice DDVM)
 13901 | D:9      | Learned a level 2 spell: Passwall
 14001 | D:9      | Reached skill level 1 in Translocations
 14001 | D:9      | Reached skill level 1 in Earth Magic
 14001 | D:9      | Reached skill level 1 in Transmutations
 14001 | D:9      | Reached skill level 2 in Fighting
 14001 | D:9      | Reached skill level 2 in Earth Magic
 14001 | D:9      | Reached skill level 2 in Translocations
 14016 | D:9      | Killed puimuR's ghost
 14016 | D:9      | Reached skill level 2 in Transmutations
 14016 | D:9      | Reached skill level 3 in Earth Magic
 14102 | D:10     | Entered Level 10 of the Dungeon
 14133 | D:10     | Reached skill level 3 in Translocations
 14160 | D:10     | Reached XP level 11. HP: 80/88 MP: 20/20
 14204 | D:10     | Found Uxtom's Weapon Shoppe.
 14206 | D:10     | Found a staircase to the Orcish Mines.
 14241 | D:10     | Reached skill level 3 in Fighting
 14449 | D:10     | Reached skill level 4 in Earth Magic
 14849 | D:10     | Killed an unseen horror
 14849 | D:10     | Reached skill level 1 in Shields
 14849 | D:10     | Reached skill level 3 in Transmutations
 15046 | D:10     | Reached skill level 4 in Translocations
 15495 | D:11     | Noticed Fannar
 15514 | D:11     | Killed Fannar
 15514 | D:11     | Reached skill level 2 in Shields
 15514 | D:11     | Reached skill level 5 in Earth Magic
 15568 | D:11     | Reached **** piety under Dithmenos
 15611 | D:11     | Noticed a white ugly thing
 15618 | D:11     | Noticed a cyan ugly thing
 15625 | D:11     | Killed a cyan ugly thing
 15625 | D:11     | Reached skill level 4 in Fighting
 15630 | D:11     | Killed a white ugly thing
 15664 | D:11     | Reached skill level 3 in Shields
 15666 | D:11     | Found a gate leading to a gauntlet.
 15689 | Gauntlet | Entered a Gauntlet
 15689 | Gauntlet | Found a transporter.
 15707 | Gauntlet | Found a transporter.
 15709 | Gauntlet | Noticed a blizzard demon
 15720 | Gauntlet | Found a transporter.
 15723 | Gauntlet | Found a transporter.
 15733 | Gauntlet | Found a transporter.
 15752 | Gauntlet | Found a runed translucent door.
 15753 | Gauntlet | Found a transporter.
 15766 | Gauntlet | Found a transporter.
 15766 | Gauntlet | Noticed an obsidian statue
 15784 | Gauntlet | Found a transporter.
 15788 | Gauntlet | Found a transporter.
 15796 | Gauntlet | Found a transporter.
 15806 | Gauntlet | Noticed a ghost crab
 15815 | Gauntlet | Noticed an entropy weaver
 15816 | Gauntlet | Found a transporter.
 15820 | Gauntlet | Found a transporter.
 15824 | Gauntlet | Found a runed translucent door.
 15824 | Gauntlet | Noticed a large abomination
 15913 | Gauntlet | Killed an entropy weaver
 15913 | Gauntlet | Reached skill level 5 in Translocations
 15913 | Gauntlet | Reached skill level 6 in Earth Magic
 15919 | Gauntlet | Reached skill level 5 in Fighting
 15961 | Gauntlet | Reached skill level 4 in Shields
 16089 | Gauntlet | Got a pitted amber ring
 16215 | Gauntlet | Noticed a minotaur
 16224 | Gauntlet | Killed a minotaur
 16224 | Gauntlet | Reached skill level 1 in Armour
 16232 | Gauntlet | Found the cursed necklace of Bloodlust {*Rage +Rage MR++
                  | Int-3 Slay+6 *Curse}
 16330 | D:11     | Reached skill level 3 in Dodging
 16382 | D:11     | Reached skill level 2 in Armour
 16510 | D:11     | Noticed a two-headed ogre
 16523 | D:11     | Killed a two-headed ogre
 16707 | D:11     | Found a staircase to the Lair.
 17261 | D:10     | Reached XP level 12. HP: 86/103 MP: 18/21
 17364 | D:11     | Reached skill level 3 in Armour
 17545 | D:11     | Reached skill level 4 in Dodging
 17615 | D:11     | Reached ***** piety under Dithmenos
 17959 | Orc:1    | Entered Level 1 of the Orcish Mines
 18438 | Orc:2    | Entered Level 2 of the Orcish Mines
 18671 | Orc:1    | Reached skill level 4 in Armour
 19020 | Orc:1    | Reached skill level 5 in Dodging
 19020 | Orc:1    | Reached skill level 7 in Spellcasting
 19134 | Orc:2    | Reached skill level 11 in Necromancy
 19209 | Orc:2    | Noticed an orc warlord
 19210 | Orc:2    | Found Huck's General Store.
 19232 | Orc:2    | Killed an orc warlord
 19533 | Orc:2    | Reached skill level 6 in Dodging
 19659 | Orc:2    | Reached skill level 8 in Spellcasting
 19876 | Orc:2    | Found Zoifuuc's Food Shoppe.
 20026 | Orc:2    | Found Put Nuxt's Antique Armour Boutique.
 20056 | Orc:2    | Found Woyrgh's Jewellery Shoppe.
 20161 | Orc:2    | Found a staircase to the Elven Halls.
 20197 | Orc:2    | Reached skill level 12 in Necromancy
 20433 | Orc:2    | Found Xirchiwiu's Antique Weapon Boutique.
 20639 | Orc:2    | Bought 2 potions of haste for 280 gold pieces
 21386 | Orc:2    | Bought a pair of boots for 135 gold pieces
 21482 | Orc:2    | Bought a scroll of identify for 28 gold pieces
 21482 | Orc:2    | Identified the ring of Yhidyrhe {rF++ rC+ Str+6} (You found
                  | it in a Gauntlet)
 21618 | Lair:1   | Entered Level 1 of the Lair of Beasts
 21651 | Lair:1   | Reached XP level 13. HP: 108/109 MP: 25/25
 21737 | Lair:2   | Reached skill level 9 in Spellcasting
 21886 | Lair:2   | Reached skill level 5 in Shields
 22234 | Lair:2   | Found a runed translucent gate.
 22234 | Lair:2   | Found a runed translucent gate.
 22234 | Lair:2   | Found a runed translucent gate.
 22239 | Lair:2   | Noticed Sonja
 22248 | Lair:2   | Killed Sonja
 22248 | Lair:2   | Reached skill level 6 in Shields
 22274 | Lair:2   | Noticed a minotaur
 22435 | Lair:3   | Found a runed translucent door.
 22435 | Lair:3   | Found a shimmering altar of Xom.
 22435 | Lair:3   | Noticed sanka's ghost (journeyman KoTm)
 22788 | Lair:3   | Got a masterwork broad axe
 22994 | Lair:4   | Found a staircase to the Snake Pit.
 23026 | Lair:4   | Reached skill level 7 in Shields
 23075 | Snake:1  | Entered Level 1 of the Snake Pit
 23091 | Snake:1  | Found the amulet of the Air {Inacc +Fly rElec EV+5 RMsl}
 23351 | Snake:4  | Entered Level 4 of the Snake Pit
 23556 | Snake:4  | Noticed a nagaraja
 23653 | Snake:4  | Noticed a nagaraja
 23750 | Snake:4  | Reached skill level 8 in Shields
 23976 | Snake:4  | Killed a nagaraja
 23976 | Snake:4  | Reached skill level 9 in Shields
 23993 | Snake:4  | Noticed a nagaraja
 23995 | Snake:4  | Noticed a nagaraja
 24005 | Snake:4  | Noticed a nagaraja
 24023 | Snake:4  | Got a serpentine rune of Zot
 24026 | Snake:4  | Noticed a nagaraja
 24250 | Lair:4   | Found a staircase to the Swamp.
 24278 | Swamp:1  | Entered Level 1 of the Swamp
 24718 | D:13     | Found Omyfeimi's Antique Armour Emporium.
 24724 | D:13     | Bought a twisted cloak for 256 gold pieces
 24734 | D:13     | Identified the +1 cloak of Fumaa {Dex+7} (You bought it in
                  | a shop on level 13 of the Dungeon)
 24949 | Swamp:1  | Found a shattered altar of Ashenzari.
 25594 | Swamp:2  | Noticed a thorn hunter
 25641 | Swamp:3  | Noticed Bai Suzhen
 25644 | Swamp:3  | Found a runed translucent gate.
 25687 | Swamp:3  | Found a stormy altar of Qazlal.
 25746 | Swamp:3  | Identified the cursed +3 broad axe "Itioliczez" {vorpal,
                  | rC+} (You found it on level 3 of the Lair of Beasts)
 25810 | Swamp:3  | Your magical essence is drained by the effort!
 25859 | Swamp:4  | Entered Level 4 of the Swamp
 26088 | Swamp:4  | Reached skill level 9 in Stealth
 26129 | Swamp:4  | Your magical essence is drained by the effort!
 26133 | Swamp:4  | Your magical essence is drained by the effort!
 26203 | Swamp:4  | Noticed a bone dragon
 26209 | Swamp:4  | Got a decaying rune of Zot
 26382 | Lair:4   | Reached skill level 6 in Fighting
 26518 | Lair:4   | Found a runed translucent door.
 26520 | Lair:4   | Found a shimmering altar of Xom.
 26520 | Lair:4   | Noticed runemage's ghost (journeyman GnFi)
 26521 | Lair:4   | Identified the +5 great mace of the Scavenger {chaos, rC-
                  | MR+ Str+4 Dex+4}
 26792 | Lair:5   | Found a viscous altar of Jiyva.
 26793 | Lair:5   | Found a staircase to the Slime Pits.
 26960 | Lair:6   | Entered Level 6 of the Lair of Beasts
 27651 | D:14     | Found Jafa's Food Shop.
 27652 | D:14     | Found Jeot's Jewellery Shoppe.
 28360 | D:15     | Entered Level 15 of the Dungeon
 28647 | D:14     | Bought the ring "Moxtur" {MP+9 Dex+4} for 637 gold pieces
 28705 | D:15     | Reached skill level 13 in Invocations
 28734 | D:15     | Found a bloodstained altar of Trog.
 28740 | D:15     | Gained mutation: You resist negative energy. (rN+) [Deep
                  | Dwarf growth]
 28740 | D:15     | Reached XP level 14. HP: 108/121 MP: 20/24
 28764 | D:15     | Reached skill level 10 in Stealth
 28814 | D:15     | Found a staircase to the Depths.
 28920 | Depths:1 | Entered Level 1 of the Depths
 29001 | Depths:1 | Reached skill level 7 in Fighting
 29136 | Depths:1 | Noticed a cyan very ugly thing
 29148 | Depths:1 | Noticed a red very ugly thing
 29315 | Depths:3 | Reached skill level 11 in Stealth
 29392 | Depths:4 | Noticed a frost giant
 29404 | Depths:4 | Noticed a frost giant
 29438 | Depths:4 | Learned a level 2 spell: Sublimation of Blood
 29444 | Depths:4 | Learned a level 5 spell: Borgnjor's Vile Clutch
 29471 | Depths:4 | Noticed a caustic shrike
 29602 | Depths:4 | Your magical essence is drained by the effort!
 29608 | Depths:4 | Reached skill level 8 in Fighting
 29840 | Depths:4 | Reached skill level 12 in Stealth
 29914 | Depths:4 | Noticed a tengu reaver
 29932 | Depths:5 | Entered Level 5 of the Depths
 29933 | Depths:5 | Noticed Xtahua
 29938 | Depths:5 | Your magical essence is drained by the effort!
 29940 | Depths:5 | Your magical essence is drained by the effort!
 29952 | Depths:5 | Killed Xtahua
 29952 | Depths:5 | Reached skill level 13 in Stealth
 30025 | Depths:4 | Your magical essence is drained by the effort!
 30063 | Depths:4 | Banished a tengu reaver
 30298 | Depths:5 | Noticed a red very ugly thing
 30300 | Depths:5 | Noticed a red very ugly thing
 30301 | Depths:5 | Found Yloagir's Elemental Accessories.
 30302 | Depths:5 | Noticed a red very ugly thing
 30323 | Depths:4 | Killed a white very ugly thing
 30323 | Depths:4 | Reached skill level 14 in Stealth
 30438 | Depths:5 | Killed a red very ugly thing
 30440 | Depths:5 | Killed a white very ugly thing
 30593 | Depths:5 | Bought a wand of iceblast (7) for 176 gold pieces
 30691 | Depths:5 | Noticed a purple draconian annihilator
 30694 | Depths:5 | Noticed a purple draconian annihilator
 30713 | Depths:5 | Killed a purple draconian annihilator
 30737 | Depths:5 | Killed a purple draconian annihilator
 30870 | Depths:5 | Noticed a yellow draconian monk
 30884 | Depths:5 | Reached skill level 15 in Stealth
 30889 | Depths:5 | Killed a yellow draconian monk
 31046 | Depths:5 | Noticed a green draconian monk
 31060 | Depths:5 | Your magical essence is drained by the effort!
 31068 | Depths:5 | Found a gate to the Realm of Zot.
 31068 | Depths:5 | Noticed a green draconian monk
 31068 | Depths:5 | Noticed a green draconian monk
 31068 | Depths:5 | Noticed a red draconian scorcher
 31089 | Depths:5 | Gained mutation: Potions are less effective at restoring
                  | your health. [mutagenic glow]
 31479 | Depths:4 | Reached XP level 15. HP: 95/132 MP: 3/20
 31695 | Depths:4 | Noticed a frost giant
 31721 | Depths:4 | Found a one-way gate to the infinite horrors of the Abyss.
 31721 | Depths:4 | Found a corrupted altar of Lugonu.
 31855 | Depths:4 | Voluntarily entered the Abyss.
 31876 | Abyss:1  | Got a polished scimitar
 31883 | Abyss:1  | Identified the +6 scimitar of Slow Death {pain, Int+3 SInv}
                  | (You found it on level 1 of the Abyss)
 31909 | Abyss:1  | Found a corrupted altar of Lugonu.
 32312 | Abyss:1  | Found a corrupted altar of Lugonu.
 32313 | Abyss:1  | Found an opulent altar of Gozag.
 32368 | Abyss:1  | Found a corrupted altar of Lugonu.
 32652 | Abyss:1  | Noticed a tentacled starspawn
 32665 | Abyss:1  | Killed a tentacled starspawn
 32665 | Abyss:1  | Reached skill level 16 in Stealth
 32900 | Abyss:1  | Noticed a tentacled starspawn
 32912 | Abyss:1  | Noticed a tentacled starspawn
 32927 | Abyss:1  | Found a corrupted altar of Lugonu.
 32964 | Abyss:2  | Found a corrupted altar of Lugonu.
 32979 | Abyss:2  | Noticed a tentacled starspawn
 33063 | Abyss:2  | Found a bloodstained altar of Trog.
 33297 | Abyss:3  | Found a corrupted altar of Lugonu.
 33303 | Abyss:3  | Noticed a tentacled starspawn
 33304 | Abyss:3  | Found a transporter.
 33306 | Abyss:3  | Found a corrupted altar of Lugonu.
 33306 | Abyss:3  | Noticed a tentacled monstrosity
 33306 | Abyss:3  | Noticed a tentacled monstrosity
 33308 | Abyss:3  | Noticed a tentacled starspawn
 33309 | Abyss:3  | Noticed a tentacled monstrosity
 33311 | Abyss:3  | Noticed a tentacled monstrosity
 33311 | Abyss:3  | Found a transporter.
 33319 | Abyss:3  | Your magical essence is drained by the effort!
 33325 | Abyss:3  | Your magical essence is drained by the effort!
 33325 | Abyss:3  | Paralysed by accursed screaming for 1 turns
 33327 | Abyss:3  | Your magical essence is drained by the effort!
 33498 | Abyss:3  | Your magical essence is drained by the effort!
 33515 | Abyss:3  | Your magical essence is drained by the effort!
 33535 | Abyss:3  | Noticed a tentacled starspawn
 33541 | Abyss:3  | Your magical essence is drained by the effort!
 33614 | Depths:4 | Escaped the Abyss
 33653 | Depths:3 | Noticed a fire giant
 33653 | Depths:3 | Noticed a lich
 33920 | Depths:1 | Found Noepot's Antique Weapon Shop.
 33944 | Depths:1 | Noticed Mara
 34347 | D:13     | Gained mutation: [Scrolls take you a little longer to
                  | read.] [a neqoxec]
 34594 | D:13     | Reached skill level 7 in Earth Magic
 35183 | D:12     | Reached skill level 8 in Earth Magic
 35218 | D:12     | Reached skill level 10 in Shields
 35425 | D:12     | Noticed Rupert
 35444 | D:12     | Killed Rupert
 35445 | D:12     | Noticed Kirke
 35462 | D:12     | Killed Kirke
 35948 | D:12     | Reached skill level 11 in Shields
 37016 | D:13     | Identified a scroll of acquirement
 37087 | D:14     | Reached skill level 9 in Earth Magic
 37513 | D:15     | Reached skill level 9 in Fighting
 37816 | D:15     | Reached ****** piety under Dithmenos
 37924 | D:15     | Reached skill level 10 in Earth Magic
 38032 | D:15     | Noticed Agnes
 38038 | D:15     | Killed Agnes
 38711 | Depths:1 | Reached skill level 10 in Fighting
 38758 | Depths:1 | Noticed a fire giant
 38841 | Depths:1 | Found Luphisk's Antique Armour Boutique.
 38851 | Depths:1 | Killed a fire giant
 38851 | Depths:1 | Reached skill level 5 in Armour
 39074 | Depths:3 | Found a one-way gate leading to the halls of Pandemonium.
 39083 | Depths:3 | Reached XP level 16. HP: 141/146 MP: 7/15
 39710 | Depths:3 | Reached skill level 6 in Evocations
 39888 | Depths:3 | Reached skill level 7 in Evocations
 39891 | Depths:3 | Noticed a lich
 39899 | Depths:3 | Killed a lich
 39899 | Depths:3 | Reached skill level 10 in Spellcasting
 40632 | Depths:4 | Noticed an ancient champion
 40708 | Depths:3 | Reached skill level 13 in Necromancy
 40811 | Depths:4 | Killed an ancient champion
 40995 | Depths:4 | Found a gateway to Hell.
 41023 | Depths:4 | Killed a caustic shrike
 41023 | Depths:4 | Reached skill level 8 in Evocations
 41291 | Depths:4 | Voluntarily entered the Abyss.
 41291 | Abyss:1  | Noticed a tentacled starspawn
 41392 | Abyss:3  | Noticed a tentacled starspawn
 41399 | Abyss:3  | Noticed a bone dragon
 41412 | Abyss:3  | Noticed a tentacled starspawn
 41452 | Abyss:3  | Found a corrupted altar of Lugonu.
 41477 | Abyss:3  | Got a scorched plate armour
 41499 | Abyss:3  | Found a corrupted altar of Lugonu.
 41601 | Abyss:3  | Noticed a hellephant
 41658 | Abyss:3  | Reached skill level 9 in Evocations
 41691 | Abyss:3  | Your magical essence is drained by the effort!
 41692 | Abyss:3  | Your magical essence is drained by the effort!
 41720 | Abyss:3  | Noticed a tentacled starspawn
 41742 | Abyss:3  | Noticed a tentacled starspawn
 41745 | Abyss:3  | Got an abyssal rune of Zot
 41747 | Abyss:3  | Noticed a profane servitor
 41761 | Abyss:4  | Found a corrupted altar of Lugonu.
 41804 | Abyss:4  | Found a stormy altar of Qazlal.
 41804 | Abyss:4  | Found a bloodstained altar of Trog.
 41804 | Abyss:4  | Found a glowing golden altar of the Shining One.
 41804 | Abyss:4  | Found a shadowy altar of Dithmenos.
 41804 | Abyss:4  | Found an ancient bone altar of Kikubaaqudgha.
 41804 | Abyss:4  | Found a hide-covered altar of Uskayaw.
 41946 | Abyss:4  | Noticed a tentacled starspawn
 41956 | Abyss:4  | Found a shadowy altar of Dithmenos.
 42046 | Abyss:4  | Slain by a chaos spawn

Illustrated notes

Levels and vault maps discovered:
D:1:      co_arrival_square_in_a_square_in_a_square, layout_basic
D:2:      layout_basic, nicolae_overflow_crystal_walls,
          chequers_serial_rivers_micro_a
D:3:      layout_basic, overflow_temple_1_default, vehumet_crystals,
          lemuel_blue_sif_altar, gammafunk_ghost_stat_death, uniq_natasha
D:4:      layout_rooms, minmay_overflow_temple_star_hex, serial_glass,
          glass_columns_b, glass_columns_a, first_ration, uniq_ijyb
D:5:      layout_loops_cross, ebering_ghost_disaster_area,
          lexackson_kobold_supper
D:6:      layout_basic, marbit_many_paths,
          nicolae_gozag_cash_rules_everything_around_me, st_stairs_14,
          xom_redecorated, uniq_eustachio, uniq_duvessa, uniq_blork_the_orc,
          uniq_menkaure, uniq_sigmund
D:7:      layout_cave_pools, lemuel_doored_altar, nicolae_tso_carved_into_rock,
          eat_drink_and_be_merry_uskayaw, lemuel_round_altar,
          minmay_temple_entry_fiery, basic_altar
D:8:      layout_cave_pools, uniq_gastronok, uniq_pikel
D:9:      layout_rooms, gammafunk_ghost_nasty_kobolds
D:10:     layout_loops_corners, orc_david_3, grunt_livestock
D:11:     layout_layer_cave, grunt_lair_entry_orc_guard_hut,
          gauntlet_entry_generic, special_room [special_room_bee], uniq_fannar
D:12:     layout_grid_maze, minmay_misc_feat_roman, uniq_rupert, uniq_kirke
D:13:     layout_roguey, minmay_shop_grid_forest
D:14:     layout_gridville, grunt_vaults_entry_fortified, serial_shops,
          shop_fountains, shop, chequers_serial_rivers_micro_c,
          minmay_misc_feat_enclosed
D:15:     hangedman_depths_entry_civil_slaughter, layout_stronghold,
          hangedman_decor_riveting, basic_altar, uniq_agnes
Lair:1:   gammafunk_cloud_chamber, layout_loops_ring, grunt_megastairs_3
Lair:2:   layout_roguey, maelrawn_ghost_gauntlet_escape, serial_bayou_lake_a,
          uniq_sonja
Lair:3:   layout_regular_city, ebering_ghost_xom, st_stairs_7,
          minmay_lair_oklob_chamber, grunt_megastairs_2, lemuel_fruit_fields
Lair:4:   layout_small_grid, skrybe_swamp_entry_bodies,
          minmay_snake_entry_guardpost_small, ebering_ghost_xom,
          serial_bayou_shore_a
Lair:5:   layout_small_grid, slime_altar_1
Lair:6:   guppyfry_lair_end_dragon, layout_cellular_growth,
          hangedman_lair_in_review
Swamp:1:  layout_basic_swamp, lemuel_altar_in_water, uniq_josephine
Swamp:2:  layout_falls_marsh, ebering_ghost_funeral_grove,
          infiniplex_staircase_pool, nicolae_swamp_trees_clearing
Swamp:3:  layout_falls_marsh, gammafunk_ghost_hydra_chop,
          nicolae_swamp_godswood, swamp_pool4, uniq_louise, uniq_bai_suzhen
Swamp:4:  swamp_pestilence, layout_basic_swamp, ebering_ghost_xom
Snake:1:  layout_chambers, nicolae_snake_shapes, lemuel_fruit_tree,
          minmay_shop_star, uniq_aizul
Snake:2:  nicolae_snake_nest, layout_concentric_octagons
Snake:3:  layout_honeycomb
Snake:4:  snake_pit, layout_cave_town
Orc:1:    layout_diamond_mine
Orc:2:    grunt_orc_gardens, layout_caves, grunt_orc_garden, grunt_orc_garden,
          grunt_orc_garden, grunt_orc_garden, serial_shops,
          nicolae_shop_window_shopping
Depths:1: layout_small_grid, roderic_lattice_octagonal_star, hell_entry,
          hangedman_stitches_earthworm, infiniplex_staircase_pool_lava,
          minmay_shoptagon, uniq_mara
Depths:2: minmay_the_grid_4x2 [minmay_the_grid_expand,
          minmay_the_grid_minigrid_large, minmay_the_grid_stretched_grid,
          minmay_the_grid_minigrid_small_alt, minmay_the_grid_outer_circle,
          minmay_the_grid_diamond_grid, minmay_the_grid_odd_star,
          minmay_the_grid_prize_big_room], layout_gridlike,
          hangedman_tar_grid_catacomb, kennysheep_small_spiral,
          brannock_guarded_unrand_thermic_engine
Depths:3: minmay_sliced_demisemicircle, layout_basic, pan_entry, hellmouth_1,
          minmay_crystal_water, hangedman_abyss_or_decor_stabs,
          kennysheep_kite_vault
Depths:4: hangedman_cross_stitches, layout_honeycomb,
          minmay_misc_feat_nine_boxes, abyss_entry_flame_altar,
          grunt_mini_vestibule
Depths:5: lemuel_castle_with_subvaults [lemuel_castle_interior_carwin_2],
          layout_twisted_cross, enter_ziggurat_e, skrybe_limestone_x,
          hangedman_geh_valley, nicolae_elemental_shop, serial_bayou_lagoon_b,
          uniq_sojobo, uniq_xtahua
Abyss:4:  base: D:12, evilmike_abyss_exit_13, abyss_greek_temple,
          evilmike_abyss_exit_plants, evilmike_abyss_exit_glass, minivault_19,
          abyss_greek_temple, guppyfry_abyss_exit_glass_guarded,
          hangedman_abyss_or_decor_lesser_grid, lemuel_flamethrower_hall,
          abyss_greek_temple, patterned_corridor

Skill      XL: |  1  2  3  4  5  6  7  8  9 10 11 12 13 14 15 16 |
---------------+-------------------------------------------------+-----
Stealth        | 3 4 5 6 8 9 15 16 | 16.6
Necromancy     | 5 6 7 8 9 10 12 13 | 13.0
Invocations    | 1 4 8 12 13 | 13.0
Evocations     | 1 4 5 9 |  9.0
Spellcasting   | 2 6 8 9 10 | 10.0
Fighting       | 2 5 6 8 10 | 10.9
Translocations | 3 5 |  5.0
Earth Magic    | 3 6 10 | 10.0
Transmutations | 2 3 |  3.0
Shields        | 4 9 11 | 11.0
Armour         | 2 4 5 |  5.0
Dodging        | 3 6 |  6.0

Action                   |  1- 3 |  4- 6 |  7- 9 | 10-12 | 13-15 | 16-18 || total
-------------------------+-------+-------+-------+-------+-------+-------++-------
Melee: Unarmed           |    10 |       |       |       |       |       ||    10
       Short sword       |     5 |    74 |     2 |       |   113 |       ||   194
       Dagger            |       |       |   129 |   369 |   100 |       ||   598
       Broad axe         |       |       |       |       |    67 |       ||    67
       Scimitar          |       |       |       |       |   348 |   113 ||   461
 Fire: Hunting sling     |       |       |    67 |     7 |       |       ||    74
Throw: Dart              |       |       |     4 |    13 |    28 |     1 ||    46
       Throwing net      |       |       |       |       |     2 |       ||     2
 Cast: Pain              |    76 |   117 |   121 |   268 |   284 |    13 ||   879
       Vampiric Draining |     1 |    19 |    98 |   167 |   316 |    31 ||   632
       Animate Dead      |       |       |     1 |       |     3 |     7 ||    11
       Agony             |       |       |       |    32 |    46 |     3 ||    81
       Passwall          |       |       |       |     7 |   105 |    12 ||   124
       Apportation       |       |       |       |     2 |    91 |     8 ||   101
       Borgnjor's Vile C |       |       |       |       |    46 |    36 ||    82
       Sublimation of Bl |       |       |       |       |     1 |       ||     1
Invok: Shadow Form       |       |       |       |       |     3 |       ||     3
       Shadow Step       |       |       |       |       |       |     2 ||     2
 Abil: Heal Wounds       |       |     1 |     1 |     1 |    55 |     9 ||    67
       Evoke Invisibilit |       |       |       |     7 |    35 |     7 ||    49
       Evoke Flight      |       |       |       |       |    16 |       ||    16
       Stop Flying       |       |       |       |       |     1 |       ||     1
Evoke: Wand              |       |       |     3 |    23 |    76 |    14 ||   116
       Box of beasts     |       |       |       |       |     3 |       ||     3
       Phantom mirror    |       |       |       |       |     3 |       ||     3
       Staff of energy   |       |       |       |       |       |    11 ||    11
  Use: Scroll            |       |     7 |     6 |    13 |    35 |     3 ||    64
       Potion            |       |       |       |     2 |    15 |    10 ||    27
 Stab: Sleeping          |       |       |     5 |     7 |    24 |     1 ||    37
       Invisible         |       |       |       |     9 |    22 |       ||    31
       Paralysed         |       |       |       |     6 |       |       ||     6
       Distracted        |       |       |       |       |     3 |     1 ||     4
  Eat: Chunk             |     4 |    13 |    21 |    33 |    26 |     3 ||   100
       Ration            |       |     1 |     4 |     3 |    20 |     5 ||    33
Armor: Robe              |    12 |    11 |    15 |       |       |       ||    38
       Ring mail         |       |       |    49 |   193 |   501 |    55 ||   798
Dodge: Dodged            |    29 |    75 |   285 |   764 |  1337 |   200 ||  2690
       Repelled          |       |       |       |       |    21 |     7 ||    28
Block: Buckler           |       |       |       |   159 |       |       ||   159
       Tower shield      |       |       |       |     1 |   186 |       ||   187
       Kite shield       |       |       |       |       |  1055 |   141 ||  1196
       Rpst.: Scimitar   |       |       |       |       |   148 |    21 ||   169
